 Dungeon Crawl Stone Soup version 0.26-a0-611-g354ed81 (webtiles) character file.

Game seed: 7398206948716554967

976 Boetheseconed the Fighter (level 7, -2/69 HPs)
             Began as a Green Draconian Wanderer on Sept 6, 2020.
             Was a Follower of Yredelemnul.
             Slain by a komodo dragon (30 damage)
             ... on level 5 of the Dungeon on Sept 7, 2020.
             The game lasted 00:25:26 (6409 turns).

Boetheseconed the Fighter (DrWn)                    Turns: 6409, Time: 00:25:27

Health: -2/69      AC:  8    Str: 17    XL:     7   Next: 95%
Magic:  7/7        EV: 11    Int: 13    God:    Yredelemnul [*.....]
Gold:   178        SH:  9    Dex:  9    Spells: 6/6 levels left

rFire    . . .     SeeInvis +   w - +0 long sword
rCold    . . .     Faith    .   b - +0 kite shield
rNeg     . . .     Spirit   .   (armour unavailable)
rPois    +         Reflect  .   (helmet restricted)
rElec    .         Harm     .   y - +0 cloak
rCorr    .                      m - +0 pair of gloves
MR       .....                  (no boots)
Stlth    ++........             (no amulet)
HPRegen  0.21/turn              q - ring of see invisible
MPRegen  0.10/turn              (no ring)

@: about to teleport, short of breath
A: breathe noxious fumes, unfitting armour, poison resistance, cold-blooded, AC
+6
a: Breathe Noxious Fumes, Animate Remains, Renounce Religion


You were on level 5 of the Dungeon.
You worshipped Yredelemnul.
Yredelemnul was aware of your devotion.
You visited 2 branches of the dungeon, and saw 6 of its levels.

You collected 178 gold pieces.

Inventory:

Hand Weapons
 a - a +0 hand axe
 c - a +0 shortbow
 w - a +0 long sword (weapon)
Missiles
 d - 35 arrows (quivered)
 v - 146 stones
Armour
 b - a +0 kite shield (worn)
 m - a +0 pair of gloves (worn)
 y - a +0 cloak (worn)
Magical Staves
 r - an uncursed staff of cold
Jewellery
 g - an uncursed amulet of faith {unknown}
 q - a ring of see invisible (left hand)
Wands
 z - a wand of disintegration (16)
Scrolls
 e - 3 scrolls of remove curse
 f - 7 scrolls of teleportation
 h - 5 scrolls of amnesia
 i - 2 scrolls of fog
 j - 3 scrolls of enchant armour
 k - a scroll of fear
 l - 4 scrolls of enchant weapon
 o - 2 scrolls of magic mapping
 s - a scroll of random uselessness
 u - 2 scrolls of noise {unknown}
Potions
 n - 3 potions of curing
 p - a potion of brilliance
 x - a potion of magic {unknown}


   Skills:
 + Level 8.7 Fighting
 + Level 3.8 Long Blades
 + Level 2.1 Axes
 + Level 1.8 Staves
 + Level 1.0 Bows
 + Level 1.0 Throwing
 + Level 3.8 Dodging
 + Level 1.9 Stealth
 + Level 3.9 Shields


You had 6 spell levels left.
You didn't know any spells.
Your spell library was empty.

Dungeon Overview and Level Annotations

Branches:
Dungeon (5/15)             Temple (1/1) D:4

Altars:
Ashenzari
Cheibriados
Elyvilon
Fedhas
Gozag
Hepliaklqana
Makhleb
Nemelex Xobeh
Qazlal
Ru
Sif Muna
Trog
Uskayaw
Wu Jian
Xom
Yredelemnul
Zin
The Shining One
Lugonu

Annotations:
D:4 3 runed translucent doors, Zalbag's ghost, amateur PaDe
D:5 1 transporter


Innate Abilities, Weirdness & Mutations

You can breathe blasts of noxious fumes.
Your lurid green scales are hard. (AC +6)
You cannot fit into any form of body armour.
Your system is resistant to poisons. (rPois)
You are cold-blooded and may be slowed by cold attacks.


Message History

The necrophage hits you. The komodo dragon bites you!
Your hound zombie completely misses the komodo dragon.
As you read the scroll of teleportation, it crumbles to dust.
You feel strangely unstable. The necrophage misses you.
The ogre barely misses your hound zombie.
Your hound zombie barely misses the komodo dragon.
The komodo dragon closely misses you.
You barely miss the necrophage.
The necrophage is moderately damaged.
You block the necrophage's attack.
Your hound zombie bites the komodo dragon but does no damage.
The ogre hits your hound zombie with a +0 giant club!!
Your hound zombie is destroyed!
You block the komodo dragon's attack. You block the necrophage's attack.
You hit the necrophage.
You tail-slap the necrophage, but do no damage.
The necrophage is heavily damaged.
The komodo dragon bites you!!
You die...
Your body rises from the dead as a mindless zombie.

#.....##.......###...# ##
#..).....Z©.......# # .. #.
####..#########...# .# #
#..#=...##8...(.8##..##.### ##
#..#.##.#.........#........ ..
#.......#..#.©.#..#.....### #.
#.#.....#.#..O..#.#..##.# ##.#
........#...l(n..©#..##.###.#
#.#(....#.#..@..#.#........#.#
# ##<#..#..#...#.?#.......###.
#.##.#..(?$($..#.#.._...#.# #.
#.##8$._.$8##.#........#
#..#########..#....(.##.
#.###.....©.....###.....# #
#...........##### ####### #
########.).## # #.###


You could see a komodo dragon, an ogre, a necrophage and a friendly orc zombie.

Vanquished Creatures
  3 ogres (D:4)
  4 crimson imps (D:3)
  2 hounds
  3 bullfrog skeletons (D:4)
  4 orc wizards
  An iguana (D:4)
  4 worker ants (D:4)
  A howler monkey skeleton (D:4)
  10 adders
  An adder skeleton (D:4)
  A worm (D:4)
  2 dart slugs (D:1)
  A leopard gecko (D:1)
  13 orcs
  5 giant cockroaches
  8 goblins
  11 hobgoblins
  2 jackals (D:2)
  10 kobolds
  4 quokkas
  4 ball pythons
  10 bats
  5 frilled lizards
  10 rats
119 creatures vanquished.

Vanquished Creatures (others)
  A howler monkey skeleton (D:5)
  A hound zombie (D:5)
  An orc zombie (D:5)
  2 demonic plants (Temple)
5 creatures vanquished.

Grand Total: 124 creatures vanquished

Notes
Turn   | Place    | Note
-------+----------+-------------------------------------------
     0 | D:1      | Boetheseconed the Draconian Wanderer began the quest for
                  | the Orb.
     0 | D:1      | Boetheseconed set off with the following items: a +0 hand
                  | axe, a +0 kite shield, a +0 shortbow, 25 arrows
     0 | D:1      | Reached XP level 1. HP: 27/27 MP: 1/1
   164 | D:1      | Reached skill level 8 in Fighting
   164 | D:1      | Reached XP level 2. HP: 35/35 MP: 2/2
   630 | D:1      | Reached XP level 3. HP: 25/40 MP: 3/3
   843 | D:1      | Reached skill level 1 in Axes
  1671 | D:2      | Reached XP level 4. HP: 48/48 MP: 4/4
  2373 | D:3      | Reached skill level 1 in Dodging
  2640 | D:3      | Reached XP level 5. HP: 37/53 MP: 5/5
  2955 | D:3      | Found a shimmering altar of Xom.
  3032 | D:3      | Reached skill level 1 in Staves
  3722 | D:3      | Found an ornate altar of the Wu Jian Council.
  3740 | D:3      | Reached XP level 6. HP: 62/62 MP: 6/6
  3834 | D:3      | Found a basalt altar of Yredelemnul.
  3845 | D:3      | Found a hide-covered altar of Uskayaw.
  3848 | D:3      | Found a shattered altar of Ashenzari.
  3874 | D:3      | Became a worshipper of Yredelemnul the Dark
  4301 | D:4      | Found a runed translucent gate.
  4302 | D:4      | Found a runed translucent gate.
  4302 | D:4      | Found a runed translucent gate.
  4303 | D:4      | Found an opulent altar of Gozag.
  4304 | D:4      | Noticed Zalbag's ghost (amateur PaDe)
  4377 | D:4      | Found a shimmering blue altar of Sif Muna.
  4422 | D:4      | Found a staircase to the Ecumenical Temple.
  4431 | D:4      | Reached skill level 1 in Long Blades
  4435 | Temple   | Entered the Ecumenical Temple
  4722 | D:4      | Found a glowing silver altar of Zin.
  4776 | D:4      | Your scales start taking on a lurid green colour.
  4776 | D:4      | Reached XP level 7. HP: 69/69 MP: 7/7
  4776 | D:4      | Gained mutation: Your system is resistant to poisons.
                  | (rPois) [Green Draconian growth]
  5146 | D:4      | Found a hazy altar of Hepliaklqana.
  5268 | D:4      | Reached skill level 1 in Stealth
  6025 | D:5      | Entered Level 5 of the Dungeon
  6169 | D:5      | Reached * piety under Yredelemnul
  6230 | D:5      | Found a sparkling altar of Nemelex Xobeh.
  6237 | D:5      | Found a transporter.
  6240 | D:5      | Noticed a komodo dragon
  6242 | D:5      | Found a blossoming altar of Fedhas.
  6331 | D:5      | Found a transporter.
  6409 | D:5      | Slain by a komodo dragon

Illustrated notes

Levels and vault maps discovered:
D:1:      dpeg_arrival_subterranean_lakeside_camping, layout_loops_ring,
          serial_rivers, chequers_serial_rivers_micro_d,
          chequers_serial_rivers_micro_d, chequers_serial_rivers_room_b,
          chequers_serial_rivers_micro_b, chequers_serial_rivers_micro_c,
          chequers_serial_rivers_small_b
D:2:      layout_rooms
D:3:      layout_basic, led_xom_imps, old_standard_altar, minitemple,
          minmay_snake_closets
D:4:      layout_basic, nicolae_overflow_crystal_walls, lemuel_doored_altar,
          kennysheep_mini_moat, minmay_temple_entry_drinking_statues,
          ebering_ghost_gozag
D:5:      layout_loops_ring, kennysheep_little_box,
          gammafunk_temple_overflow_arena, fiery_altar_vehumet, basic_altar,
          uniq_ijyb
Temple:   corrupted_temple

Skill      XL: |  1  2  3  4  5  6  7 |
---------------+----------------------+-----
Fighting       | 8 |  8.7
Axes           | 1 2 |  2.1
Shields        | 2 3 |  3.9
Dodging        | 1 2 3 |  3.8
Staves         | 1 |  1.8
Long Blades    | 2 3 |  3.8
Stealth        | 1 |  1.9
Bows           | |  1.0
Throwing       | |  1.0

Action                   |  1- 3 |  4- 6 |  7- 9 || total
-------------------------+-------+-------+-------++-------
Melee: Hand axe          |   145 |    25 |       ||   170
       Tailslap          |    14 |    30 |    17 ||    61
       Staff             |       |   187 |       ||   187
       Shortbow          |       |    18 |       ||    18
       Long sword        |       |    93 |    91 ||   184
 Fire: Shortbow          |     4 |    10 |       ||    14
Invok: Animate Remains   |       |       |     3 ||     3
 Abil: Breathe Noxious F |       |       |     7 ||     7
  Use: Potion            |       |     4 |       ||     4
       Scroll            |       |       |    13 ||    13
 Stab: Sleeping          |       |     1 |       ||     1
       Confused          |       |       |     8 ||     8
Armor: Skin              |    82 |   128 |    31 ||   241
Dodge: Dodged            |    86 |   180 |    40 ||   306
Block: Kite shield       |    80 |   139 |    50 ||   269
       Rpst.: Long sword |       |     9 |     9 ||    18

Table legend: (Time is in decaauts)
 A = Elapsed time spent in this place.
 B = Non-inter-level travel time spent in this place.
 C = Inter-level travel time spent in this place.
 D = Time resting spent in this place.
 E = Time spent auto-exploring this place.
 F = Levels seen in this place.
 G = Mean time per level.
                   A        B        C        D        E       F      G
               +--------+--------+--------+--------+--------+-----+--------+
         Total |   6612 |   6252 |    360 |    721 |   3820 |   6 | 1102.0 |
       Dungeon |   6559 |   6212 |    347 |    721 |   3797 |   5 | 1311.8 |
        Temple |     53 |     40 |     13 |      0 |     23 |   1 |   53.0 |
               +--------+--------+--------+--------+--------+-----+--------+

Top non-repeatable levels by time:
     D:3: 2241 daAuts
     D:4: 1751 daAuts
     D:1: 1172 daAuts
     D:2: 999 daAuts
     D:5: 395 daAuts
  Temple: 53 daAuts
